 Dungeon Crawl Stone Soup version 0.21-a0-630-g344d351 (webtiles) character file.

74 slep the Ducker (level 4, -1/29 HPs)
             Began as a Halfling Gladiator on Dec 26, 2017.
             Slain by an adder (3 damage)
             ... on level 2 of the Dungeon.
             The game lasted 00:03:22 (1114 turns).

slep the Ducker (Halfling Gladiator)                Turns: 1114, Time: 00:03:24

Health: -1/29      AC:  4    Str: 15    XL:     4   Next: 54%
Magic:  4/4        EV: 15    Int:  6    God:
Gold:   27         SH:  0    Dex: 16    Spells: 3/3 levels left

rFire    . . .     SeeInvis .   a - +0 long sword
rCold    . . .     Gourm    .   (shield restricted)
rNeg     . . .     Faith    .   b - +0 leather armour
rPois    .         Spirit   .   c - +0 helmet
rElec    .         Reflect  .   (no cloak)
rCorr    .         Harm     .   (no gloves)
MR       .....                  (no boots)
Stlth    +.........             (no amulet)
HPRegen  0.09/turn              (no ring)
MPRegen  0.09/turn              (no ring)

@: lethally poisoned (-1 -> -8), heavily drained
A: small, mutation resistance 1
a: no special abilities


You were on level 2 of the Dungeon.
You were not hungry.

You visited 1 branch of the dungeon, and saw 2 of its levels.

You collected 27 gold pieces.

Inventory:

Hand Weapons
 a - a +0 long sword (weapon)
Missiles
 d - 3 throwing nets (quivered)
 j - 30 sling bullets
Armour
 b - a +0 leather armour (worn)
 c - a +0 helmet (worn)
Jewellery
 k - an uncursed ring of ice
 n - an uncursed amulet of harm
Scrolls
 h - 4 scrolls of identify {unknown}
 l - a scroll of fog {unknown}
 m - a scroll of remove curse {unknown}
 o - a scroll of immolation {unknown}
 p - a scroll of blinking {unknown}
Potions
 e - a potion of lignification {unknown}
 g - 2 potions of degeneration {unknown}
 i - 2 potions of curing {unknown}
 q - a potion of brilliance {unknown}
 r - a potion of resistance {unknown}
 s - a potion of agility {unknown}
Comestibles
 f - 3 rations
 t - 2 chunks of flesh


   Skills:
 + Level 1.9(0.8) Fighting
 + Level 3.8(2.6) Long Blades
 + Level 2.3(1.1) Throwing
 + Level 1.4(0.3) Armour
 + Level 4.0(2.8) Dodging


You had 3 spell levels left.
You didn't know any spells.

Dungeon Overview and Level Annotations

Branches:
Dungeon (2/15)

Altars:
Ashenzari


Innate Abilities, Weirdness & Mutations

You are small and have problems with some larger weapons.
You are somewhat resistant to further mutation.


Message History

The adder hisses angrily.
The rat barely misses you.
You riposte.
You hit the rat.
The rat is moderately wounded.
You slash the rat!
You kill the rat!
You closely miss the adder. The adder bites you.
* * * LOW HITPOINT WARNING * * *
You are poisoned.
The adder poisons you!
You hit the adder.
The adder is lightly wounded.
You feel sick. The adder closely misses you. The adder bites you.
* * * LOW HITPOINT WARNING * * *
You miss the adder.
The adder is lightly wounded.
The adder bites you.
* * * LOW HITPOINT WARNING * * *
You are more poisoned.
The adder poisons you! The adder bites you.
You die...

..........## ##
......#....# #.
#.#.....##.. #.
#.##....####
######.######.##....####
.........<.#......#.....
......?.................
#.........##...........
#....S@..........#.....
#..<.......##.....#.#...
...........####...#.#...
.#.........# #.........†
#.........##...........
#..........#......(.....
#........... .........
#.######..... .........
.........


You could see an adder.

Vanquished Creatures
  3 adders (D:2)
  A worm (D:2)
  3 dart slugs
  4 leopard geckos
  A giant cockroach (D:1)
  6 goblins (D:1)
  2 hobgoblins
  2 jackals (D:2)
  3 bats
  5 frilled lizards
  3 kobolds
  3 rats
36 creatures vanquished.

Notes
Turn   | Place    | Note
-------+----------+-------------------------------------------
     0 | D:1      | slep the Halfling Gladiator began the quest for the Orb.
     0 | D:1      | Reached XP level 1. HP: 14/14 MP: 1/1
    39 | D:1      | Found a shattered altar of Ashenzari.
    51 | D:1      | Reached XP level 2. HP: 6/19 MP: 2/2
   347 | D:1      | Reached XP level 3. HP: 24/24 MP: 3/3
   902 | D:2      | Reached skill level 1 in Armour
   906 | D:2      | Reached XP level 4. HP: 12/29 MP: 4/4
   930 | D:2      | Reached skill level 4 in Dodging
  1114 | D:2      | Slain by an adder

Vault maps used:
D:1:      lightli_arrival_boilingwater, minmay_misc_feat_x,
          evilmike_ruin_ashenzari
D:2:      lemuel_doored_altar, cheibrodos_gnoll_hut

Skill      XL: |  1  2  3  4 |
---------------+-------------+-----
Armour         | 1 |  1.4
Dodging        | 4 |  4.0
Fighting       | |  1.9
Long Blades    | |  3.8
Throwing       | |  2.3

Action                   |  1- 3 |  4- 6 || total
-------------------------+-------+-------++-------
Melee: Long sword        |    70 |    29 ||    99
  Eat: Chunk             |       |     1 ||     1
Armor: Leather armour    |    19 |    13 ||    32
Dodge: Dodged            |    70 |    24 ||    94
       Rpst.: Long sword |    15 |    10 ||    25

Table legend:
 A = Spawn XP
 B = Non-spawn XP
 C = Spawn XP percentage of total XP
 D = Spawn monster count
 E = Non-spawn monster count
 F = Spawn count percentage of total count
 G = Total turns spent on level
                    A         B        C        D         E        F      G
               +---------+---------+-------+---------+---------+-------+---------
         Total |       0 |     107 |   0.0 |       0 |      36 |   0.0 |  1114
               +---------+---------+-------+---------+---------+-------+---------
           D:1 |       0 |      40 |   0.0 |       0 |      20 |   0.0 |   885
           D:2 |       0 |      67 |   0.0 |       0 |      16 |   0.0 |   229
               +---------+---------+-------+---------+---------+-------+---------
